| TOP OF THE 1ST |
|
Delmarva Shorebirds batting - Pitching for Lexington Legends : LHP Brett Reed
|
|
Pitching: LHP Brett Reed
|
|
|
Batting: SHB Eric Kelley
|
0-0: Fly out, F8 (Line Drive, 8RM, EV 84.4 MPH)
|
|
Batting: RHB Ethan Finke
|
0-0: Called Strike 0-1: Foul Ball, location: 2F 0-2: Ball 1-2: SINGLE (Flyball, 8RS, EV 92.5 MPH)
|
|
Batting: RHB Maup Gommers
|
0-0: Ball 1-0: Ball 2-0: Called Strike 2-1: Ball Wild Pitch! Ethan Finke to second 3-1: Called Strike 3-2: Base on Balls
|
|
Batting: RHB Mike Pitts
|
0-0: Ball 1-0: Called Strike 1-1: Foul Ball, location: 2F 1-2: Ball 2-2: Foul Ball, location: 2F 2-2: Fielders Choice at 2nd, 6-4 (Groundball, 6, EV 103.1 MPH) Ethan Finke to third
|
|
Batting: SHB Carlos Carrillo
|
0-0: Ball 1-0: Called Strike 1-1: Foul Ball, location: 2F 1-2: Ball 2-2: Foul Ball, location: 2F 2-2: Strikes out swinging
|
| Top of the 1st over - 0 runs, 1 hit, 0 errors, 2 left on base; Delmarva 0 - Lexington 0 |
| BOTTOM OF THE 1ST |
|
Lexington Legends batting - Pitching for Delmarva Shorebirds : RHP Matt Talaski
|
|
Pitching: RHP Matt Talaski
|
|
|
Batting: LHB Efrem Isaev
|
0-0: Called Strike 0-1: Foul Ball, location: 2F 0-2: Foul Ball, location: 2F 0-2: Ball 1-2: Ball 2-2: Ball 3-2: Fly out, F6 (Popup, 6M, EV 75.6 MPH)
|
|
Batting: RHB Nate De Jongh
|
0-0: Foul Ball, location: 2F 0-1: Foul Ball, location: 2F 0-2: Foul Ball, location: 2F 0-2: Strikes out looking
|
|
Batting: RHB Jon Griffin
|
0-0: Ball 1-0: Called Strike 1-1: Swinging Strike 1-2: Ball 2-2: Strikes out swinging
|
| Bottom of the 1st over - 0 runs, 0 hits, 0 errors, 0 left on base; Delmarva 0 - Lexington 0 |
| TOP OF THE 2ND |
|
Delmarva Shorebirds batting - Pitching for Lexington Legends : LHP Brett Reed
|
|
Batting: LHB Sam Williams
|
0-0: Foul Ball, location: 2F 0-1: Called Strike 0-2: Ball 1-2: Strikes out looking
|
|
Batting: RHB C.J. Wells
|
0-0: Hit by Pitch
|
|
Batting: RHB Carlos Teniente
|
0-0: Called Strike 0-1: Ball 1-1: Foul Ball, location: 2F 1-2: Fly out, F9 (Line Drive, 9LS, EV 96.9 MPH)
|
|
Batting: LHB Vinny Rivera
|
0-0: Foul Ball, location: 2F 0-1: Ball 1-1: Ball 2-1: Fly out, F8 (Line Drive, 8LM, EV 92.5 MPH)
|
| Top of the 2nd over - 0 runs, 0 hits, 0 errors, 1 left on base; Delmarva 0 - Lexington 0 |
| BOTTOM OF THE 2ND |
|
Lexington Legends batting - Pitching for Delmarva Shorebirds : RHP Matt Talaski
|
|
Batting: RHB Carlos Almada
|
0-0: Ball 1-0: Ground out U3 (Groundball, 3, EV 100.0 MPH)
|
|
Batting: LHB Mike Bhatti
|
0-0: Fly out, F5 (Popup, 25F, EV 86.2 MPH)
|
|
Batting: LHB Joe Cozart
|
0-0: Foul Ball, location: 2F 0-1: Foul Ball, location: 2F 0-2: Ground out 4-3 (Groundball, 4S, EV 91.2 MPH)
|
| Bottom of the 2nd over - 0 runs, 0 hits, 0 errors, 0 left on base; Delmarva 0 - Lexington 0 |
| TOP OF THE 3RD |
|
Delmarva Shorebirds batting - Pitching for Lexington Legends : LHP Brett Reed
|
|
Batting: SHB Eric Kelley
|
0-0: TRIPLE (Groundball, 3L, EV 102.5 MPH)
|
|
Batting: RHB Ethan Finke
|
0-0: Called Strike 0-1: Ball 1-1: Foul Ball, location: 2F 1-2: Ground out 4-3 (Groundball, 4, EV 105.6 MPH) Eric Kelley scores
|
|
Batting: RHB Maup Gommers
|
0-0: Called Strike 0-1: Ball 1-1: Swinging Strike 1-2: Ball 2-2: Ball 3-2: Foul Ball, location: 2F 3-2: Strikes out swinging
|
|
Batting: RHB Mike Pitts
|
0-0: Foul Ball, location: 2F 0-1: Ball 1-1: Ball 2-1: Ball 3-1: SOLO HOME RUN (Flyball, 7D, EV 97.5 MPH), Distance : 380 ft
|
|
Batting: SHB Carlos Carrillo
|
0-0: Ball 1-0: SINGLE (Groundball, 34D, EV 106.9 MPH)
|
|
Batting: LHB Sam Williams
|
0-0: Ball 1-0: Called Strike 1-1: Ball 2-1: Ball 3-1: Base on Balls Carlos Carrillo to second
|
|
Batting: RHB C.J. Wells
|
0-0: Called Strike 0-1: Ball 1-1: Fielders Choice at 2nd, 6-4 (Groundball, 6, EV 87.5 MPH)
|
| Top of the 3rd over - 2 runs, 3 hits, 0 errors, 2 left on base; Delmarva 2 - Lexington 0 |
| BOTTOM OF THE 3RD |
|
Lexington Legends batting - Pitching for Delmarva Shorebirds : RHP Matt Talaski
|
|
Batting: LHB Shohei Nishi
|
0-0: Foul Ball, location: 2F 0-1: Ball 1-1: Called Strike 1-2: Strikes out swinging
|
|
Batting: RHB David Rubio
|
0-0: Ball 1-0: Ground out 4-3 (Groundball, 4, EV 85.0 MPH)
|
|
Batting: LHB Jayden Pelayo
|
0-0: SOLO HOME RUN (Flyball, 9LD, EV 95.6 MPH), Distance : 356 ft
|
|
Batting: LHB Efrem Isaev
|
0-0: Called Strike 0-1: Swinging Strike 0-2: Strikes out swinging
|
| Bottom of the 3rd over - 1 run, 1 hit, 0 errors, 0 left on base; Delmarva 2 - Lexington 1 |
| TOP OF THE 4TH |
|
Delmarva Shorebirds batting - Pitching for Lexington Legends : LHP Brett Reed
|
|
Batting: RHB Carlos Teniente
|
0-0: Foul Ball, location: 2F 0-1: Foul Ball, location: 2F 0-2: Ball 1-2: Ground out 3-1 (Groundball, 34S, EV 83.1 MPH)
|
|
Batting: LHB Vinny Rivera
|
0-0: Ball 1-0: Called Strike 1-1: Called Strike 1-2: Ball 2-2: Ball 3-2: Base on Balls
|
|
Batting: SHB Eric Kelley
|
0-0: Ball Vinny Rivera steals 2nd base 1-0: Swinging Strike 1-1: Foul Ball, location: 2F 1-2: Foul Ball, location: 2F 1-2: Ball 2-2: Ground out 4-3 (Groundball, 4, EV 81.9 MPH) Vinny Rivera to third
|
|
Batting: RHB Ethan Finke
|
0-0: Swinging Strike 0-1: Ball 1-1: Foul Ball, location: 2F 1-2: Ball 2-2: Ball 3-2: Base on Balls
|
|
Pitching: RHP Omar Flores
|
|
|
Batting: RHB Maup Gommers
|
0-0: Ball 1-0: Foul Ball, location: 2F 1-1: Ball 2-1: Ball 3-1: Swinging Strike 3-2: 3-RUN HOME RUN (Line Drive, 7D, EV 106.9 MPH), Distance : 394 ft
|
|
Batting: RHB Mike Pitts
|
0-0: Ball 1-0: Ball 2-0: Ball 3-0: Called Strike 3-1: Base on Balls
|
|
Batting: SHB Carlos Carrillo
|
0-0: Called Strike 0-1: Swinging Strike 0-2: Ball 1-2: Ball 2-2: Foul Ball, location: 2F 2-2: Strikes out swinging
|
| Top of the 4th over - 3 runs, 1 hit, 0 errors, 1 left on base; Delmarva 5 - Lexington 1 |
| BOTTOM OF THE 4TH |
|
Lexington Legends batting - Pitching for Delmarva Shorebirds : RHP Matt Talaski
|
|
Batting: RHB Nate De Jongh
|
0-0: Called Strike 0-1: Ball 1-1: Swinging Strike 1-2: Ball 2-2: Foul Ball, location: 2F 2-2: Strikes out swinging
|
|
Batting: RHB Jon Griffin
|
0-0: Foul Ball, location: 2F 0-1: Ball 1-1: Foul Ball, location: 2F 1-2: Ball 2-2: Ball 3-2: Foul Ball, location: 2F 3-2: Foul Ball, location: 2F 3-2: Foul Ball, location: 2F 3-2: DOUBLE (Line Drive, 9LS, EV 106.2 MPH)
|
|
Batting: RHB Carlos Almada
|
0-0: Swinging Strike 0-1: Ball 1-1: Called Strike 1-2: TRIPLE (Line Drive, 89XD, EV 103.1 MPH) Jon Griffin scores
|
|
Batting: LHB Mike Bhatti
|
0-0: Called Strike 0-1: Hit by Pitch
|
|
Batting: LHB Joe Cozart
|
0-0: Ball Wild Pitch! Carlos Almada scores Mike Bhatti to second 1-0: Foul Ball, location: 2F 1-1: Ball 2-1: Called Strike 2-2: Strikes out swinging
|
|
Batting: LHB Shohei Nishi
|
0-0: Foul Ball, location: 2F 0-1: Ball Wild Pitch! Mike Bhatti to third 1-1: Swinging Strike 1-2: Fly out, F9 (Flyball, 89M, EV 86.2 MPH)
|
| Bottom of the 4th over - 2 runs, 2 hits, 0 errors, 1 left on base; Delmarva 5 - Lexington 3 |
| TOP OF THE 5TH |
|
Delmarva Shorebirds batting - Pitching for Lexington Legends : RHP Omar Flores
|
|
Batting: LHB Sam Williams
|
0-0: Ball 1-0: Ball 2-0: SINGLE (Line Drive, 4D, EV 103.1 MPH)
|
|
Batting: RHB C.J. Wells
|
0-0: Foul Ball, location: 2F 0-1: Ball 1-1: Swinging Strike 1-2: Fly out, F8 (Flyball, 8RXD, EV 96.2 MPH)
|
|
Batting: RHB Carlos Teniente
|
0-0: Called Strike 0-1: Ball 1-1: SINGLE (Groundball, 4D, EV 103.1 MPH) Sam Williams to second Runner from 2nd tries for 3rd, SAFE, throw by CF made at trailing runner, OUT! 8-6
|
|
Batting: LHB Vinny Rivera
|
0-0: Foul Ball, location: 2F 0-1: Swinging Strike 0-2: Ball 1-2: Foul Ball, location: 2F 1-2: Strikes out swinging
|
| Top of the 5th over - 0 runs, 2 hits, 0 errors, 1 left on base; Delmarva 5 - Lexington 3 |
| BOTTOM OF THE 5TH |
|
Lexington Legends batting - Pitching for Delmarva Shorebirds : RHP Matt Talaski
|
|
Batting: RHB David Rubio
|
0-0: Foul Ball, location: 2F 0-1: Called Strike 0-2: Ball 1-2: Fly out, F7 (Flyball, 7D, EV 103.8 MPH)
|
|
Batting: LHB Jayden Pelayo
|
0-0: Called Strike 0-1: Ground out 6-3 (Groundball, 6M, EV 93.1 MPH)
|
|
Batting: LHB Efrem Isaev
|
0-0: Called Strike 0-1: Ball 1-1: Ball 2-1: Foul Ball, location: 2F 2-2: Ball 3-2: SINGLE (Groundball, 4MD, EV 107.5 MPH)
|
|
Batting: RHB Nate De Jongh
|
0-0: Called Strike 0-1: Ball 1-1: Ball 2-1: Ball 3-1: Called Strike 3-2: Strikes out swinging
|
| Bottom of the 5th over - 0 runs, 1 hit, 0 errors, 1 left on base; Delmarva 5 - Lexington 3 |
| TOP OF THE 6TH |
|
Delmarva Shorebirds batting - Pitching for Lexington Legends : RHP Omar Flores
|
|
Batting: SHB Eric Kelley
|
0-0: Ball 1-0: Called Strike 1-1: Ball 2-1: Ball 3-1: Ground out 5-3 (Groundball, 56, EV 85.0 MPH)
|
|
Pitching: RHP Mike Galvin
|
|
|
Batting: RHB Ethan Finke
|
0-0: Ball 1-0: Swinging Strike 1-1: Fly out, F4 (Line Drive, 4, EV 69.4 MPH)
|
|
Batting: RHB Maup Gommers
|
0-0: Ball 1-0: Foul Ball, location: 2F 1-1: Foul Ball, location: 2F 1-2: SINGLE (Groundball, 34D, EV 97.5 MPH)
|
|
Batting: RHB Mike Pitts
|
0-0: Called Strike 0-1: Swinging Strike 0-2: Strikes out swinging
|
| Top of the 6th over - 0 runs, 1 hit, 0 errors, 1 left on base; Delmarva 5 - Lexington 3 |
| BOTTOM OF THE 6TH |
|
Lexington Legends batting - Pitching for Delmarva Shorebirds : RHP Matt Talaski
|
|
Batting: RHB Jon Griffin
|
0-0: Ball 1-0: Called Strike 1-1: Ball 2-1: Ball 3-1: Base on Balls
|
|
Batting: RHB Carlos Almada
|
0-0: Called Strike 0-1: Swinging Strike 0-2: Strikes out swinging
|
|
Batting: LHB Mike Bhatti
|
0-0: Fielders Choice at 2nd, 4-6 (Groundball, 4, EV 85.0 MPH)
|
|
Batting: LHB Joe Cozart
|
0-0: Ball 1-0: Ball 2-0: Ball 3-0: Base on Balls Mike Bhatti to second
|
|
Batting: LHB Shohei Nishi
|
0-0: Ball 1-0: Called Strike 1-1: Called Strike 1-2: Ball 2-2: Strikes out swinging
|
| Bottom of the 6th over - 0 runs, 0 hits, 0 errors, 2 left on base; Delmarva 5 - Lexington 3 |
| TOP OF THE 7TH |
|
Delmarva Shorebirds batting - Pitching for Lexington Legends : RHP Mike Galvin
|
|
Pitching: RHP Jordan Viveros
|
|
|
Batting: SHB Carlos Carrillo
|
0-0: Called Strike 0-1: Ball 1-1: Swinging Strike 1-2: Foul Ball, location: 2F 1-2: Foul Ball, location: 2F 1-2: Ball 2-2: Strikes out looking
|
|
Batting: LHB Sam Williams
|
0-0: Ball 1-0: Foul Ball, location: 2F 1-1: Swinging Strike 1-2: Fly out, F7 (Flyball, 7LM, EV 90.0 MPH)
|
|
Batting: RHB C.J. Wells
|
0-0: Ball 1-0: Called Strike 1-1: Ball 2-1: SINGLE (Flyball, 8LS, EV 90.6 MPH)
|
|
Batting: RHB Carlos Teniente
|
0-0: Ball 1-0: SINGLE (Groundball, 34, EV 93.8 MPH) C.J. Wells to second Runner from 2nd tries for 3rd, SAFE, throw by RF made to third
|
|
Batting: LHB Vinny Rivera
|
0-0: Ball 1-0: Called Strike 1-1: Swinging Strike 1-2: Ball 2-2: Strikes out swinging
|
| Top of the 7th over - 0 runs, 2 hits, 0 errors, 2 left on base; Delmarva 5 - Lexington 3 |
| BOTTOM OF THE 7TH |
|
Lexington Legends batting - Pitching for Delmarva Shorebirds : RHP Matt Talaski
|
|
Batting: RHB David Rubio
|
0-0: Swinging Strike 0-1: Foul Ball, location: 2F 0-2: Strikes out swinging
|
|
Batting: LHB Jayden Pelayo
|
0-0: Called Strike 0-1: Called Strike 0-2: Strikes out looking
|
|
Batting: LHB Efrem Isaev
|
0-0: Ball 1-0: Ball 2-0: Called Strike 2-1: Called Strike 2-2: Foul Ball, location: 2F 2-2: Foul Ball, location: 2F 2-2: Foul Ball, location: 2F 2-2: Strikes out swinging
|
| Bottom of the 7th over - 0 runs, 0 hits, 0 errors, 0 left on base; Delmarva 5 - Lexington 3 |
| TOP OF THE 8TH |
|
Delmarva Shorebirds batting - Pitching for Lexington Legends : RHP Jordan Viveros
|
|
Pitching: RHP John Barnett
|
|
|
Batting: SHB Eric Kelley
|
0-0: Ball 1-0: Called Strike 1-1: Ball 2-1: Ground out 4-3 (Groundball, 4MD, EV 81.2 MPH)
|
|
Batting: RHB Ethan Finke
|
0-0: Called Strike 0-1: Foul Ball, location: 2F 0-2: Foul Ball, location: 2F 0-2: Foul Ball, location: 2F 0-2: Fly out, F9 (Flyball, 9D, EV 101.2 MPH)
|
|
Batting: RHB Maup Gommers
|
0-0: Called Strike 0-1: Foul Ball, location: 2F 0-2: Foul Ball, location: 2F 0-2: Ball 1-2: Ball 2-2: Ball 3-2: DOUBLE (Line Drive, 8RXD, EV 100.0 MPH)
|
|
Batting: RHB Mike Pitts
|
0-0: Ground out 5-3 (Groundball, 56S, EV 81.9 MPH)
|
| Top of the 8th over - 0 runs, 1 hit, 0 errors, 1 left on base; Delmarva 5 - Lexington 3 |
| BOTTOM OF THE 8TH |
|
Lexington Legends batting - Pitching for Delmarva Shorebirds : RHP Matt Talaski
|
|
Pitching: RHP Joe Underhill
|
|
|
Batting: RHB Nate De Jongh
|
0-0: Ball 1-0: Ball 2-0: Fly out, F7 (Flyball, 7, EV 90.0 MPH)
|
|
Batting: RHB Jon Griffin
|
0-0: Ball 1-0: Ball 2-0: Foul Ball, location: 2F 2-1: Foul Ball, location: 2F 2-2: Ball 3-2: Strikes out looking
|
|
Batting: RHB Carlos Almada
|
0-0: Fly out, F7 (Flyball, 7LSF, EV 93.1 MPH)
|
| Bottom of the 8th over - 0 runs, 0 hits, 0 errors, 0 left on base; Delmarva 5 - Lexington 3 |
| TOP OF THE 9TH |
|
Delmarva Shorebirds batting - Pitching for Lexington Legends : RHP John Barnett
|
|
Pitching: RHP Josh Rutledge
|
|
|
Batting: SHB Carlos Carrillo
|
0-0: Ball 1-0: Ball 2-0: Swinging Strike 2-1: Foul Ball, location: 2F 2-2: Foul Ball, location: 2F 2-2: Strikes out swinging
|
|
Batting: LHB Sam Williams
|
0-0: Foul Ball, location: 2F 0-1: Ball 1-1: Swinging Strike 1-2: Ball 2-2: Foul Ball, location: 2F 2-2: Foul Ball, location: 2F 2-2: Ground out 4-3 (Groundball, 13, EV 93.1 MPH)
|
|
Batting: RHB C.J. Wells
|
0-0: Fly out, F7 (Flyball, 7S, EV 72.5 MPH)
|
| Top of the 9th over - 0 runs, 0 hits, 0 errors, 0 left on base; Delmarva 5 - Lexington 3 |
| BOTTOM OF THE 9TH |
|
Lexington Legends batting - Pitching for Delmarva Shorebirds : RHP Joe Underhill
|
|
Pitching: RHP Nick Hodge
|
|
|
Batting: LHB Mike Bhatti
|
0-0: Reached via error on a dropped throw from 1B, E1 (Groundball, 34, EV 93.1 MPH)
|
|
Batting: LHB Joe Cozart
|
0-0: Fly out, F9 (Line Drive, 89M, EV 87.5 MPH)
|
|
Batting: LHB Shohei Nishi
|
0-0: Ball 1-0: Ball 2-0: Called Strike 2-1: Ball 3-1: DOUBLE (Line Drive, 78XD, EV 113.1 MPH) Mike Bhatti to third
|
|
Pinch Hitting: LHB Josh Dalton
|
0-0: Ball 1-0: Called Strike 1-1: Fly out, F7 (Line Drive, 78M, EV 94.4 MPH)
|
|
Batting: LHB Jayden Pelayo
|
0-0: Ball 1-0: Called Strike 1-1: Called Strike 1-2: Ball 2-2: Foul Ball, location: 2F 2-2: Strikes out swinging
|
| Bottom of the 9th over - 0 runs, 1 hit, 1 error, 2 left on base; Delmarva 5 - Lexington 3 |
|